[ AOE2 MATCH · #494285963 ]
UnrankedTupi vs Bulgarians
Player's team · WIN
Rival team · LOSS
[ REPLAY ANALYSIS · EXTRACTED FROM THE RECORDED GAME ]
Feudal
10:30
Castle
14:33
Imperial
37:39
| APM avg | 119.4 |
| APM peak | 180 |
| eAPM avg | 79.2 |
| Villagers / military | 109 / 6 |
Focus
⚔️ 68.6% · 🌾 31.4%
Unknown (2579) ×91 · Petard ×3 · Trebuchet (Packed) ×2 · Monk ×1
Feudal
8:51
Castle
26:44
Imperial
—
| APM avg | 49.9 |
| APM peak | 84 |
| eAPM avg | 29.9 |
| Villagers / military | 153 / 66 |
Focus
⚔️ 49.9% · 🌾 50.1%
Scout Cavalry ×41 · Knight ×13 · Scorpion ×8 · Battering Ram ×4
Match map
Initial resources + every placement click. Lines = walls · curves = elevation contours. ◆ gold · ⬟ stone · ● berries · ✦ relic · ◌ wall gap
Your base· Open — unwalled flank
Kukuro's base· ✓ Closed at 26:44 · 11t walls · no gate
Smoothed initial terrain · ◌ = detected wall gap · hover for details
Inputs per minute
— Fukoti - - Kukuro
Build order — Fukoti
First 150 of 313 actions detected
| 0:00 | Queue | Villager (Male) |
| 0:00 | Queue | Villager (Male) |
| 0:02 | Build | House |
| 0:02 | Build | House |
| 0:02 | Queue | Villager (Male) |
| 0:03 | Queue | Villager (Male) |
| 1:07 | Queue | Villager (Male) |
| 1:26 | Queue | Villager (Male) |
| 1:26 | Queue | Villager (Male) |
| 1:47 | Queue | Villager (Male) |
| 2:19 | Build | Settlement |
| 2:23 | Queue | Villager (Male) |
| 2:43 | Queue | Villager (Male) |
| 3:11 | Queue | Villager (Male) |
| 3:50 | Queue | Villager (Male) |
| 4:14 | Queue | Villager (Male) |
| 4:20 | Queue | Villager (Male) |
| 5:01 | Queue | Villager (Male) |
| 5:01 | Queue | Villager (Male) |
| 5:03 | Queue | Villager (Male) |
| 5:03 | Queue | Villager (Male) |
| 5:32 | Build | Settlement |
| 6:26 | Queue | Villager (Male) |
| 6:57 | Queue | Villager (Male) |
| 7:11 | Build | Settlement |
| 7:21 | Queue | Villager (Male) |
| 7:22 | Research | Loom |
| 7:22 | Research | Loom |
| 7:59 | Research | Feudal Age |
| 8:00 | Research | Feudal Age |
| 8:36 | Build | Palisade Wall |
| 8:37 | Build | Palisade Wall |
| 8:40 | Build | Palisade Wall |
| 8:43 | Build | Palisade Wall |
| 8:44 | Build | Palisade Wall |
| 8:44 | Build | Palisade Wall |
| 8:46 | Build | Palisade Wall |
| 9:05 | Build | House |
| 9:06 | Build | Palisade Wall |
| 9:06 | Build | Palisade Wall |
| 9:30 | Build | House |
| 9:32 | Build | House |
| 9:33 | Build | House |
| 9:47 | Queue | Villager (Male) |
| 9:48 | Queue | Villager (Male) |
| 10:30 | Age | Feudal Age |
| 10:33 | Build | Market |
| 10:34 | Build | Blacksmith |
| 11:26 | Research | Gold Mining |
| 11:53 | Research | Castle Age |
| 11:54 | Research | Castle Age |
| 12:25 | Research | Double-Bit Axe |
| 13:29 | Research | Gold Mining |
| 14:33 | Age | Castle Age |
| 14:37 | Build | Castle |
| 14:37 | Queue | Villager (Male) |
| 14:39 | Research | Fletching |
| 14:39 | Research | Fletching |
| 14:47 | Build | Farm |
| 14:48 | Build | Farm |
| 15:11 | Queue | Villager (Male) |
| 15:31 | Queue | Villager (Male) |
| 15:54 | Queue | Villager (Male) |
| 16:14 | Build | Settlement |
| 16:14 | Queue | Unit 2579 |
| 16:14 | Queue | Unit 2579 |
| 16:27 | Queue | Villager (Male) |
| 16:36 | Queue | Unit 2579 |
| 17:14 | Build | Settlement |
| 17:17 | Queue | Villager (Male) |
| 17:17 | Queue | Villager (Male) |
| 17:24 | Queue | Unit 2579 |
| 17:24 | Queue | Unit 2579 |
| 17:39 | Queue | Unit 2579 |
| 17:39 | Queue | Unit 2579 |
| 18:00 | Build | Farm |
| 18:05 | Queue | Unit 2579 |
| 18:15 | Queue | Unit 2579 |
| 18:15 | Queue | Unit 2579 |
| 18:21 | Build | Farm |
| 18:36 | Build | Farm |
| 18:39 | Queue | Villager (Male) |
| 18:42 | Queue | Unit 2579 |
| 18:42 | Queue | Unit 2579 |
| 18:56 | Queue | Unit 2579 |
| 19:06 | Build | Farm |
| 19:12 | Queue | Unit 2579 |
| 19:12 | Queue | Unit 2579 |
| 19:14 | Queue | Villager (Male) |
| 19:14 | Queue | Villager (Male) |
| 19:25 | Queue | Unit 2579 |
| 19:25 | Queue | Unit 2579 |
| 19:41 | Build | Farm |
| 19:42 | Queue | Villager (Male) |
| 19:43 | Queue | Villager (Male) |
| 19:56 | Queue | Unit 2579 |
| 19:56 | Queue | Unit 2579 |
| 19:57 | Queue | Unit 2579 |
| 20:18 | Queue | Villager (Male) |
| 20:19 | Build | Farm |
| 20:35 | Queue | Villager (Male) |
| 20:37 | Queue | Petard |
| 20:37 | Queue | Petard |
| 20:48 | Build | Farm |
| 20:55 | Build | Farm |
| 21:09 | Research | Bodkin Arrow |
| 21:14 | Queue | Unit 2579 |
| 21:17 | Build | Farm |
| 21:35 | Queue | Unit 2579 |
| 21:35 | Queue | Villager (Male) |
| 21:35 | Queue | Villager (Male) |
| 21:41 | Queue | Unit 2579 |
| 21:41 | Queue | Unit 2579 |
| 21:58 | Queue | Villager (Male) |
| 22:00 | Build | Settlement |
| 22:01 | Queue | Unit 2579 |
| 22:03 | Queue | Villager (Male) |
| 22:11 | Queue | Unit 2579 |
| 22:21 | Queue | Unit 2579 |
| 22:25 | Queue | Villager (Male) |
| 22:28 | Build | Farm |
| 22:33 | Build | Monastery |
| 22:34 | Queue | Unit 2579 |
| 22:34 | Queue | Unit 2579 |
| 22:43 | Queue | Villager (Male) |
| 22:53 | Queue | Unit 2579 |
| 22:53 | Queue | Unit 2579 |
| 23:03 | Queue | Petard |
| 23:08 | Queue | Villager (Male) |
| 23:20 | Queue | Monk |
| 23:41 | Queue | Villager (Male) |
| 23:47 | Build | University |
| 23:51 | Build | Town Center |
| 24:00 | Queue | Villager (Male) |
| 24:15 | Queue | Villager (Male) |
| 24:16 | Build | Farm |
| 24:31 | Queue | Villager (Male) |
| 24:41 | Queue | Unit 2579 |
| 24:49 | Queue | Unit 2579 |
| 24:50 | Queue | Villager (Male) |
| 24:54 | Research | Padded Archer Armor |
| 24:54 | Research | Padded Archer Armor |
| 24:54 | Queue | Unit 2579 |
| 25:02 | Queue | Villager (Male) |
| 25:09 | Queue | Unit 2579 |
| 25:09 | Queue | Unit 2579 |
| 25:12 | Queue | Villager (Male) |
| 25:23 | Build | Farm |
| 25:27 | Build | Farm |
| 25:29 | Build | Farm |
Build order — Kukuro
First 150 of 358 actions detected
| 0:00 | Queue | Villager (Male) |
| 0:01 | Queue | Villager (Male) |
| 0:02 | Build | House |
| 0:03 | Build | House |
| 0:14 | Queue | Villager (Male) |
| 0:20 | Queue | Villager (Male) |
| 1:23 | Queue | Villager (Male) |
| 1:50 | Build | Lumber Camp |
| 1:53 | Queue | Villager (Male) |
| 2:11 | Queue | Villager (Male) |
| 2:32 | Queue | Villager (Male) |
| 2:57 | Queue | Villager (Male) |
| 3:05 | Queue | Villager (Male) |
| 3:49 | Queue | Villager (Male) |
| 3:51 | Build | House |
| 4:00 | Queue | Villager (Male) |
| 4:40 | Queue | Villager (Male) |
| 4:55 | Queue | Villager (Male) |
| 5:28 | Queue | Villager (Male) |
| 5:31 | Build | Mill |
| 5:34 | Queue | Villager (Male) |
| 5:50 | Research | Loom |
| 6:24 | Research | Feudal Age |
| 7:17 | Build | Lumber Camp |
| 7:20 | Queue | Villager (Male) |
| 7:20 | Queue | Villager (Male) |
| 8:07 | Build | House |
| 8:19 | Build | Barracks |
| 8:51 | Age | Feudal Age |
| 8:54 | Research | Double-Bit Axe |
| 9:18 | Queue | Villager (Male) |
| 9:27 | Build | Stable |
| 9:59 | Build | Watch Tower |
| 10:03 | Queue | Villager (Male) |
| 10:04 | Queue | Villager (Male) |
| 10:06 | Build | House |
| 10:06 | Queue | Scout Cavalry |
| 10:16 | Queue | Villager (Male) |
| 10:25 | Build | Blacksmith |
| 10:30 | Queue | Scout Cavalry |
| 10:36 | Queue | Villager (Male) |
| 10:52 | Queue | Villager (Male) |
| 10:57 | Build | House |
| 11:05 | Queue | Villager (Male) |
| 11:26 | Build | Mining Camp |
| 11:49 | Queue | Villager (Male) |
| 12:03 | Build | House |
| 12:05 | Research | Forging |
| 12:13 | Queue | Scout Cavalry |
| 12:14 | Queue | Villager (Male) |
| 12:18 | Build | Farm |
| 12:20 | Build | Farm |
| 12:25 | Build | Farm |
| 12:41 | Research | Scale Barding Armor |
| 13:06 | Queue | Villager (Male) |
| 13:15 | Build | House |
| 13:19 | Queue | Villager (Male) |
| 13:36 | Build | Watch Tower |
| 13:38 | Queue | Scout Cavalry |
| 13:48 | Build | House |
| 13:49 | Build | House |
| 13:55 | Queue | Villager (Male) |
| 13:57 | Build | Farm |
| 13:58 | Build | Farm |
| 14:02 | Queue | Villager (Male) |
| 14:17 | Build | Farm |
| 14:18 | Research | Fletching |
| 14:18 | Research | Fletching |
| 14:25 | Build | Stable |
| 14:29 | Build | Mining Camp |
| 14:32 | Queue | Villager (Male) |
| 14:40 | Queue | Villager (Male) |
| 15:08 | Queue | Villager (Male) |
| 15:30 | Queue | Scout Cavalry |
| 15:35 | Build | Farm |
| 15:35 | Build | Farm |
| 15:35 | Build | Farm |
| 15:35 | Build | Farm |
| 15:54 | Queue | Villager (Male) |
| 15:55 | Build | Farm |
| 16:02 | Build | Watch Tower |
| 16:13 | Build | Farm |
| 16:14 | Build | Farm |
| 16:14 | Build | Farm |
| 16:26 | Queue | Villager (Male) |
| 16:28 | Queue | Villager (Male) |
| 16:29 | Build | Farm |
| 16:57 | Queue | Villager (Male) |
| 17:01 | Queue | Villager (Male) |
| 17:04 | Build | House |
| 17:09 | Build | Stone Wall |
| 17:11 | Build | Stone Wall |
| 17:26 | Build | Market |
| 17:27 | Build | Stone Wall |
| 17:28 | Build | Stone Wall |
| 17:30 | Build | House |
| 17:32 | Build | House |
| 17:35 | Queue | Scout Cavalry |
| 17:35 | Queue | Scout Cavalry |
| 17:38 | Queue | Villager (Male) |
| 17:59 | Build | Mining Camp |
| 18:04 | Queue | Scout Cavalry |
| 18:05 | Build | House |
| 18:10 | Queue | Villager (Male) |
| 18:14 | Build | House |
| 18:33 | Queue | Villager (Male) |
| 18:41 | Queue | Scout Cavalry |
| 18:47 | Build | Farm |
| 19:14 | Build | Stable |
| 19:17 | Queue | Villager (Male) |
| 19:24 | Research | Bloodlines |
| 19:24 | Research | Bloodlines |
| 19:28 | Queue | Villager (Male) |
| 19:32 | Build | Farm |
| 19:34 | Queue | Villager (Male) |
| 19:50 | Queue | Villager (Male) |
| 19:53 | Build | Farm |
| 19:55 | Queue | Villager (Male) |
| 20:04 | Queue | Villager (Male) |
| 20:10 | Build | Farm |
| 20:15 | Queue | Scout Cavalry |
| 20:28 | Queue | Scout Cavalry |
| 20:28 | Queue | Scout Cavalry |
| 20:31 | Build | Farm |
| 20:38 | Queue | Villager (Male) |
| 20:49 | Build | Farm |
| 20:54 | Queue | Villager (Male) |
| 21:01 | Queue | Villager (Male) |
| 21:06 | Build | Watch Tower |
| 21:17 | Build | Farm |
| 21:18 | Build | Farm |
| 21:29 | Queue | Scout Cavalry |
| 21:32 | Queue | Scout Cavalry |
| 21:34 | Build | Farm |
| 21:34 | Build | Farm |
| 21:35 | Build | Farm |
| 21:41 | Queue | Scout Cavalry |
| 21:46 | Build | Farm |
| 21:51 | Build | Watch Tower |
| 22:02 | Build | Watch Tower |
| 22:05 | Queue | Scout Cavalry |
| 22:06 | Queue | Scout Cavalry |
| 22:08 | Build | Farm |
| 22:08 | Queue | Villager (Male) |
| 22:15 | Queue | Villager (Male) |
| 22:16 | Build | Farm |
| 22:24 | Build | Watch Tower |
| 22:33 | Queue | Villager (Male) |
| 22:37 | Queue | Scout Cavalry |
| 22:45 | Build | Farm |
Match timeline
| 8:19 | Kukuro · first_building Barracks |
| 8:36 | Fukoti · wall_segment Palisade Wall x1 |
| 8:37 | Fukoti · wall_segment Palisade Wall x1 |
| 8:40 | Fukoti · wall_segment Palisade Wall x1 |
| 8:43 | Fukoti · wall_segment Palisade Wall x1 |
| 8:44 | Fukoti · wall_segment Palisade Wall x1 |
| 8:44 | Fukoti · wall_segment Palisade Wall x1 |
| 8:46 | Fukoti · wall_segment Palisade Wall x1 |
| 8:51 | Kukuro · age_up feudal |
| 9:06 | Fukoti · wall_segment Palisade Wall x1 |
| 9:06 | Fukoti · wall_segment Palisade Wall x1 |
| 9:27 | Kukuro · first_building Stable |
| 10:30 | Fukoti · age_up feudal |
| 13:52 | Fukoti · first_market_buy 100 stone |
| 13:56 | Fukoti · first_market_sell 100 wood |
| 14:33 | Fukoti · age_up castle |
| 14:37 | Fukoti · first_building Castle |
| 17:09 | Kukuro · wall_segment Stone Wall x2 |
| 17:11 | Kukuro · wall_segment Stone Wall x10 |
| 17:27 | Kukuro · wall_segment Stone Wall x1 |
| 17:28 | Kukuro · wall_segment Stone Wall x1 |
| 22:33 | Fukoti · first_building Monastery |
| 23:46 | Kukuro · first_market_buy 100 food |
| 23:51 | Kukuro · first_market_sell 100 wood |
| 26:44 | Kukuro · age_up castle |
| 28:17 | Kukuro · first_building Siege Workshop |
| 34:59 | Fukoti · first_building Barracks |
| 36:54 | Fukoti · first_building Siege Workshop |
| 37:39 | Fukoti · age_up imperial |
| 39:22 | Kukuro · resign |
[ AI ANALYSIS · 1 CREDIT ]
What really happened in this match?
Wolo.gg analyzes every decision: build order, eco, micro, common mistakes by bracket. Personalized analysis on WhatsApp or Discord in 30 seconds.
Civ guide
Tupi
Perfil
Jugador #262959